 Dungeon Crawl Stone Soup version 0.31-a0-507-gbafd7f5274 (webtiles) character file.

Game seed: 5787977746023066717

683 porpoise the Vexing (level 7, -1/46 HPs)
             Began as an Octopode Enchanter on Aug 10, 2023.
             Was an Initiate of Gozag.
             Succumbed to an orc wizard's poison
             ... on level 4 of the Dungeon.
             The game lasted 00:15:16 (3965 turns).

porpoise the Vexing (Octopode Enchanter)            Turns: 3965, Time: 00:15:17

Health: -1/46      AC: -3    Str: 13    XL:     7   Next: 61%
Magic:  12/12      EV: 13    Int: 17    God:    Gozag
Gold:   129        SH:  5    Dex: 19    Spells: 4/12 levels left

rFire   . . .        a - +0 dagger (venom)
rCold   + . .        (no shield)
rNeg    . . .        (helmet restricted)
rPois   .            p - amulet of reflection
rElec   .            n - ring "Vipor" {*Corrode rC+ Str+6 Dex+4}
rCorr   .            (no ring)
SInv    .            (no ring)
Will    .....        (no ring)
Stlth   ++++         (no ring)
HPRegen 0.27/turn    (no ring)
MPRegen 0.13/turn    (no ring)
                     (no ring)

%: corrode self (3%), reflection
@: brilliant, lethally poisoned (-1 -> -15), corroded, hasted, very quick
A: almost no armour, amphibious, 8 rings, camouflage 1, gelatinous body 1,
(nimble swimmer 1), tentacles
a: Renounce Religion, Potion Petition, Call Merchant, Bribe Branch


You were on level 4 of the Dungeon.
You worshipped Gozag.
Gozag was aware of your devotion.
You visited 1 branch of the dungeon, and saw 4 of its levels.

You collected 333 gold pieces.
You spent 137 gold pieces at shops.
You paid 67 gold pieces to Gozag.

Inventory:

Hand Weapons
 a - a +0 dagger of venom (weapon)
 b - a +0 sling
 d - a +0 long sword
 g - a +1 dagger
 j - a +1 dagger of speed
 q - a +0 short sword of venom
Missiles
 r - a throwing net
 v - 3 boomerangs
 y - 3 poisoned darts
Jewellery
 n - the ring "Vipor" (left tentacle) {*Corrode rC+ Str+6 Dex+4}
   (You found it on level 2 of the Dungeon)

   [ring of strength]

   Str+6:     It affects your strength (+6).
   Dex+4:     It affects your dexterity (+4).
   rC+:       It protects you from cold.
   *Corrode:  It may corrode you when you take damage.
 p - an amulet of reflection (around mantle)
Wands
 x - a wand of flame (31)
Scrolls
 e - a scroll of enchant weapon {unknown}
 k - a scroll of vulnerability {unknown}
 l - a scroll of immolation {unknown}
 m - 3 scrolls of teleportation {unknown}
 s - 2 scrolls of noise {unknown}
 u - a scroll of blinking
 w - a scroll of fog {unknown}
Potions
 c - a potion of might
 f - a potion of attraction
 t - 2 potions of invisibility


   Skills:
 + Level 3.2 Fighting
 + Level 3.3 Short Blades
 - Level 2.0 Dodging
 - Level 4.0 Stealth
 + Level 3.3 Spellcasting
 * Level 5.4 Hexes
 - Level 3.0 Ice Magic


You had 4 spell levels left.
You knew the following spells:

 Your Spells              Type           Power      Damage    Failure   Level
a - Confusing Touch       Hex            32%        N/A       5%          3
e - Ensorcelled Hibernat  Hex/Ice        50%        N/A       4%          2
t - Tukima's Dance        Hex            32%        N/A       5%          3

Your spell library contained the following spells:

 Spells                   Type           Power      Damage    Failure   Level
 Slow                     Hex            100%       N/A       1%          1
 Sandblast                Erth           8%         2d5       17%         1
 Summon Small Mammal      Summ           16%        N/A       17%         1
 Dazzling Flash           Conj/Hex       36%        N/A       17%         3
 Summon Guardian Golem    Hex/Summ       18%        N/A       17%         3
 Passwall                 Tmut/Erth      3%         N/A       26%         2
 Call Canine Familiar     Summ           4%         N/A       45%         3
 Stone Arrow              Conj/Erth      8%         3d7       45%         3
 Vampiric Draining        Necr           4%         2d6       45%         3
 Fireball                 Conj/Fire      2%         3d4       99%         5
 Iskenderun's Battlesphe  Conj           4%         2d6       99%         5
 Conjure Ball Lightning   Conj/Air       2%         3x3d6     100%        6
 Orb of Destruction       Conj           2%         9d5       100%        7
 Spellforged Servitor     Conj/Summ      2%         N/A       100%        7


Dungeon Overview and Level Annotations

Branches:
Dungeon (4/15)
 Temple: D:4-7

Altars:
Gozag
Nemelex Xobeh
Wu Jian
Xom
Zin

Shops:
D:2 (!?(


Innate Abilities, Weirdness & Mutations

You cannot wear most types of armour.
You are amphibious.
You can wear up to eight rings at the same time.
Your skin changes colour to match your surroundings (Stealth+).
Your rubbery body absorbs attacks. (AC +1, EV +1)
((You are camouflaged when in or above water. (Stealth+)))
You have tentacles for arms and can constrict up to eight enemies at once.


Message History

You feel sick.
You feel sick. Something hits you.
You are more poisoned.
* * * LOW HITPOINT WARNING * * *
You feel very sick.
You hear some strange, mumbled words.
Something tries to affect you, but you resist.
* * * LOW HITPOINT WARNING * * *
You feel very sick.
* * * LOW HITPOINT WARNING * * *
You feel sick.
* * * LOW HITPOINT WARNING * * *
You feel sick.
It was a potion of magic.
Magic courses through your body.
* * * LOW HITPOINT WARNING * * *
You feel sick. You block something's attack.
It was a potion of brilliance.
You feel clever all of a sudden.
* * * LOW HITPOINT WARNING * * *
You feel sick. Something hits you.
* * * LOW HITPOINT WARNING * * *
You are more poisoned.
It was a potion of curing.
You feel better. Something hits you.
* * * LOW HITPOINT WARNING * * *
You are poisoned.
It was a potion of haste.
You feel yourself speed up.
* * * LOW HITPOINT WARNING * * *
You feel sick. The orc hits you with a +0 dagger.
* * * LOW HITPOINT WARNING * * *
Something hits you.
* * * LOW HITPOINT WARNING * * *
Your corrosive artefact corrodes you!
You are more poisoned.
You hit something but do no damage.
* * * LOW HITPOINT WARNING * * *
You feel sick.
You barely miss something.
You die...
Your body crumbles into a pile of gold.

############## ####
#............# #...
#............# #...
##...........# #.##
#######'##.##########..<
###@##...#...#..#...
#...o#...#..#.).....
#....#...#..#...)...
#....#...'..#.......
#....#...#..#.......
##..###.###.##..##..
#######..###.###.###+##..
#.)....$$..#.........'...
#..........#.........#...


You could see an orc.

Vanquished Creatures
  Sigmund (D:4)
  Edmund (D:4)
  A phantom (D:4)
  A scorpion (D:4)
  Crazy Yiuf (D:3)
  Ijyb (D:4)
  Terence (D:3)
  Natasha (thrice) (D:3)
  An orc wizard (D:3)
  2 adders
  2 dart slugs (D:1)
  4 orcs
  7 bats
  5 endoplasms
  10 goblins
  12 hobgoblins
  3 quokkas
  5 ball pythons
  5 frilled lizards
  6 kobolds
  5 rats
77 creatures vanquished.

Notes
Turn   | Place    | Note
-------+----------+-------------------------------------------
     0 | D:1      | porpoise the Octopode Enchanter began the quest for the
                  | Orb.
     0 | D:1      | Reached XP level 1. HP: 11/11 MP: 3/3
   142 | D:1      | Reached XP level 2. HP: 18/18 MP: 5/5
   145 | D:1      | Learned a level 2 spell: Ensorcelled Hibernation
   522 | D:1      | Reached XP level 3. HP: 22/22 MP: 6/6
   760 | D:1      | Reached skill level 1 in Ice Magic
   952 | D:2      | Reached skill level 1 in Fighting
  1007 | D:2      | Found Casopped's Distillery.
  1129 | D:2      | Identified the ring "Vipor" {*Corrode rC+ Str+6 Dex+4}
  1419 | D:2      | Found Weboesch's Weapon Boutique.
  1427 | D:2      | Bought a throwing net for 42 gold pieces
  1486 | D:2      | Found Keinnas's Antique Weapon Emporium.
  1554 | D:2      | Reached XP level 4. HP: 28/28 MP: 7/7
  1762 | D:2      | Found Gor Xuph's Magic Scroll Boutique.
  1771 | D:2      | Bought a scroll of identify for 20 gold pieces
  1771 | D:2      | Bought a scroll of blinking for 75 gold pieces
  2118 | D:3      | Found an opulent altar of Gozag.
  2141 | D:3      | Noticed Natasha
  2152 | D:3      | Killed Natasha
  2217 | D:3      | Learned a level 3 spell: Confusing Touch
  2231 | D:3      | Reached XP level 5. HP: 29/33 MP: 8/8
  2233 | D:3      | Found an ornate altar of the Wu Jian Council.
  2268 | D:3      | Noticed Natasha
  2301 | D:3      | Killed Natasha
  2302 | D:3      | Reached skill level 4 in Hexes
  2425 | D:3      | Noticed Terence
  2436 | D:3      | Killed Terence
  2546 | D:3      | Noticed Natasha
  2554 | D:3      | Killed Natasha
  2774 | D:3      | Became a worshipper of Gozag Ym Sagoz the Greedy
  2841 | D:3      | Found a shimmering altar of Xom.
  2844 | D:3      | Noticed an angel
  2856 | D:3      | Found a glowing silver altar of Zin.
  2969 | D:3      | Found a faded altar of an unknown god.
  3008 | D:3      | Found a runed translucent door.
  3009 | D:3      | Noticed Crazy Yiuf
  3017 | D:3      | Killed Crazy Yiuf
  3018 | D:3      | Reached XP level 6. HP: 16/39 MP: 8/10
  3159 | D:3      | Learned a level 3 spell: Tukima's Dance
  3370 | D:3      | Found a sparkling altar of Nemelex Xobeh.
  3477 | D:4      | Noticed Ijyb
  3479 | D:4      | Noticed Sigmund
  3482 | D:4      | Killed Ijyb
  3486 | D:4      | Killed Sigmund
  3487 | D:4      | Reached XP level 7. HP: 28/45 MP: 6/11
  3638 | D:4      | Reached skill level 5 in Hexes
  3919 | D:4      | Noticed Edmund
  3950 | D:4      | Killed Edmund
  3961 | D:4      | HP: 1/46 [something (3)]
  3965 | D:4      | Succumbed to an orc wizard's poison

Illustrated notes

Levels and vault maps discovered:
D:1:      dpeg_arrival_subterranean_lakeside_camping, layout_basic,
          minmay_pentomino_q2
D:2:      layout_basic, serial_shops, nicolae_shop_trees, nicolae_shop_stone,
          nicolae_shop_pleasant_corner_grove, shop
D:3:      layout_loops_ring, grunt_temple_overflow_order_and_chaos_1,
          mainiacjoe_overflow_alcove_4, lemuel_coloured_pillars_altar,
          mainiacjoe_overflow_cross_hatched,
          shapermc_ecumenical_altar_mp_vishouse, minmay_misc_feat_pillars,
          uniq_natasha, uniq_crazy_yiuf_cottage, uniq_terence
D:4:      layout_gridville, tgw_kikubaaqudgha, temple_hall, uniq_sigmund,
          uniq_edmund, uniq_ijyb, uniq_pikel

Skill      XL: |  1  2  3  4  5  6  7 |
---------------+----------------------+-----
Ice Magic      | 1 2 3 |  3.0
Fighting       | 1 2 3 |  3.2
Short Blades   | 2 3 |  3.3
Hexes          | 4 5 |  5.4
Spellcasting   | 3 |  3.3
Dodging        | |  2.0
Stealth        | |  4.0

Action                     |  1- 3 |  4- 6 |  7- 9 || total
---------------------------+-------+-------+-------++-------
  Melee: Dagger            |    64 |    55 |    34 ||   153
         Constrict         |    16 |    17 |     4 ||    37
         Tentacles         |    10 |    19 |    11 ||    40
         Punch             |       |       |     2 ||     2
   Cast: Ensorcelled Hiber |     2 |     6 |     4 ||    12
         Confusing Touch   |       |       |     1 ||     1
    Use: Scroll            |       |     1 |     1 ||     2
         Potion            |       |       |     4 ||     4
   Stab: Sleeping          |    18 |     7 |     5 ||    30
         Distracted        |       |     1 |       ||     1
 Armour: Skin              |     3 |     2 |     1 ||     6
  Dodge: Dodged            |    13 |    23 |    11 ||    47
  Block: Other             |     2 |     9 |     5 ||    16
         Reflection        |       |     1 |       ||     1

Table legend: (Time is in decaauts)
 A = Elapsed time spent in this place.
 B = Non-inter-level travel time spent in this place.
 C = Inter-level travel time spent in this place.
 D = Time resting spent in this place.
 E = Time spent auto-exploring this place.
 F = Levels seen in this place.
 G = Mean time per level.
                   A        B        C        D        E       F      G
               +--------+--------+--------+--------+--------+-----+--------+
         Total |   3932 |   3686 |    246 |    720 |   2135 |   4 |  983.0 |
       Dungeon |   3932 |   3686 |    246 |    720 |   2135 |   4 |  983.0 |
               +--------+--------+--------+--------+--------+-----+--------+

Top non-repeatable levels by time:
     D:3: 1473 daAuts
     D:2: 1074 daAuts
     D:1: 908 daAuts
     D:4: 475 daAuts
